 Dungeon Crawl Stone Soup version 0.31.0-9-g3a7656b989 (webtiles) character file.

Game seed: 11416642003172997663

277 qw the Ducker (level 6, -2/32 HPs)
             Began as a Spriggan Hunter on Feb 2, 2024.
             Slain by Terence
             ... wielding a +0 mace
              (7 damage)
             ... on level 3 of the Dungeon.
             The game lasted 00:00:07 (1860 turns).

qw the Ducker (Spriggan Hunter)                     Turns: 1860, Time: 00:00:07

Health: -2/32      AC:  2    Str:  7    XL:     6   Next: 4%
Magic:  7/7        EV: 21    Int: 10    God:
Gold:   139        SH:  0    Dex: 21    Spells: 5/5 levels left

rFire   . . .        a - +0 shortbow
rCold   . . .        (shield currently unavailable)
rNeg    . . .        c - +0 robe
rPois   .            (helmet restricted)
rElec   .            (no cloak)
rCorr   .            (gloves unavailable)
SInv    +            (boots unavailable)
Will    +....        (no amulet)
Stlth   ++           (no ring)
HPRegen 0.25/turn    (no ring)
MPRegen 0.10/turn

%: no passive effects
@: very quick
A: very small, no large weapons, unfitting armour, see invisible, speed 3
a: no special abilities


You were on level 3 of the Dungeon.
You visited 1 branch of the dungeon, and saw 3 of its levels.

You collected 139 gold pieces.


Innate Abilities, Weirdness & Mutations

You are very small and have problems with some larger weapons.
You are too small for most types of armour.
You have supernaturally acute eyesight. (SInv)
You cover ground extremely quickly. (Speed+++)


   Skills:
 - Level 3.4 Fighting
 + Level 5.0 Ranged Weapons
 - Level 5.5 Dodging
 - Level 1.5 Stealth


You had 5 spell levels left.
You didn't know any spells.
Your spell library was empty.

Inventory:

Hand Weapons
 a - a +0 shortbow (weapon)
Armour
 c - a +0 robe (worn)
Wands
 h - a wand of flame (6)
Scrolls
 b - a scroll of immolation {unknown}
 g - a scroll of teleportation {unknown}
Potions
 d - a potion of curing {unknown}
 e - 2 potions of enlightenment {unknown}
 f - a potion of degeneration {unknown}

Dungeon Overview and Level Annotations

Branches:
Dungeon (3/15)

Altars:
Sif Muna

Annotations:
D:3 Terence


Message History

1840 ||| FLEEEEING.
1841 ||| FLEEEEING.
1842 ||| FLEEEEING.
1843 ||| FLEEEEING.
1844 ||| FLEEEEING.
1845 ||| FLEEEEING.
You start resting.
Terence is nearby!
1848 ||| FLEEEEING.
You start resting.
Terence is nearby!
You shoot an arrow.
The arrow hits Terence but does no damage.
Terence hits you with a +0 mace!
You shoot an arrow. The arrow barely misses Terence.
Terence completely misses you.
You shoot an arrow. The arrow barely misses Terence.
Terence hits you with a +0 mace.
You shoot an arrow.
The arrow hits Terence but does no damage.
Terence barely misses you.
You shoot an arrow.
The arrow hits Terence but does no damage.
Terence completely misses you.
You shoot an arrow.
The arrow hits Terence but does no damage.
Terence hits you with a +0 mace.
You shoot an arrow. The arrow hits Terence.
Terence is lightly wounded.
Terence completely misses you. x2
You shoot an arrow. The arrow closely misses Terence.
Terence hits you with a +0 mace.
You shoot an arrow. The arrow barely misses Terence.
Terence says, "Rest in peace."
Terence closely misses you.
You shoot an arrow. The arrow hits Terence!
Terence is heavily wounded.
Terence hits you with a +0 mace!
You die...
Terence says, "That felt goooood."

##.##.....<....#
#........# ..#
#....#.(.#.####
###......###..#
####.#.#.#.#
#.........#.#
######.#.#.#.# ###
#...........#
.........#.#.. ..#
#.........##
.>.....###.### #.#
#........## ########
#.# #.# #........#
#.######.######.###.#
#......@...####.###.#
########@#..........#
#...###.######.# ####
#.### #.# #.# ...#
#@# #.# #.# ...# #.#
#.# #.# ~..# #.# #.#
#.# #..# #@# #.# #.#
##.## #.# #.# #.#


You could see Terence.

Vanquished Creatures
  Sigmund (D:3)
  A bombardier beetle (D:3)
  Ijyb (D:3)
  An adder (D:2)
  2 ribbon worms
  A dart slug (D:2)
  8 bats
  6 endoplasms
  2 giant cockroaches (D:2)
  8 goblins
  3 hobgoblins
  6 ball pythons
  A frilled lizard (D:2)
  4 kobolds
  4 rats
49 creatures vanquished.

Notes
Turn   | Place    | Note
-------+----------+-------------------------------------------
     0 | D:1      | qw the Spriggan Hunter began the quest for the Orb.
     0 | D:1      | Reached XP level 1. HP: 10/10 MP: 2/2
     0 | D:1      | 0 ||| qw: Version: 0.3-a-155-g5e7d8dd
     0 | D:1      | 0 ||| qw: Game counter: 1530
     0 | D:1      | 0 ||| qw: Melee chars always use a shield: true
     0 | D:1      | 0 ||| qw: God list: Okawaru
     0 | D:1      | 0 ||| qw: Allow faded altars: false
     0 | D:1      | 0 ||| qw: Do Orc after clearing Dungeon:15 true
     0 | D:1      | 0 ||| qw: Do second Lair branch before Depths: true
     0 | D:1      | 0 ||| qw: Lair rune preference: random
     0 | D:1      | 0 ||| qw: Goals: Normal
     0 | D:1      | 0 ||| PLANNING D:1-11
    96 | D:1      | Reached skill level 3 in Dodging
   527 | D:1      | Found a faded altar of an unknown god.
   546 | D:1      | Reached XP level 2. HP: 14/14 MP: 3/3
   674 | D:1      | 674 ||| DROPPING +6 ring of intelligence.
   675 | D:1      | 675 ||| READING 2 scrolls labelled ANUVYCSEIZI.
   676 | D:1      | 676 ||| READING scroll labelled MILID LEULU.
   777 | D:1      | 777 ||| READING scroll labelled KUM PEKHUSME.
   778 | D:1      | 778 ||| DROPPING scroll of butterflies.
   779 | D:1      | 779 ||| DROPPING scroll of amnesia.
   924 | D:2      | Reached XP level 3. HP: 18/18 MP: 4/4
  1410 | D:2      | 1410 ||| READING scroll labelled TIVVOPN WIELOTT.
  1511 | D:2      | 1511 ||| READING scroll labelled NAOFYN OMM.
  1511 | D:2      | 1511 ||| ENCHANTING +0 shortbow.
  1660 | D:3      | Noticed Ijyb
  1670 | D:3      | Killed Ijyb
  1671 | D:3      | Reached XP level 4. HP: 6/22 MP: 5/5
  1683 | D:3      | 1683 ||| FLEEEEING.
  1752 | D:3      | Found a shimmering blue altar of Sif Muna.
  1822 | D:3      | Noticed Sigmund
  1823 | D:3      | 1823 ||| ZAPPING wand of flame (12) at 1,7 (Sigmund;
                  | floor).
  1824 | D:3      | 1824 ||| ZAPPING wand of flame (11) at 1,6 (Sigmund;
                  | floor).
  1825 | D:3      | 1825 ||| ZAPPING wand of flame (10) at 1,5 (Sigmund;
                  | floor).
  1826 | D:3      | 1826 ||| ZAPPING wand of flame (9) at 1,4 (Sigmund; floor).
  1827 | D:3      | 1827 ||| ZAPPING wand of flame (8) at 1,3 (Sigmund; floor).
  1827 | D:3      | Noticed Terence
  1828 | D:3      | 1828 ||| RETREEEEATING.
  1829 | D:3      | 1829 ||| RETREEEEATING.
  1830 | D:3      | 1830 ||| ZAPPING wand of flame (7) at 0,1 (Sigmund; floor).
  1830 | D:3      | Killed Sigmund
  1831 | D:3      | Reached skill level 3 in Fighting
  1831 | D:3      | Reached XP level 5. HP: 20/28 MP: 6/6
  1831 | D:3      | Reached XP level 6. HP: 23/32 MP: 7/7
  1831 | D:3      | 1831 ||| FLEEEEING.
  1832 | D:3      | 1832 ||| FLEEEEING.
  1833 | D:3      | 1833 ||| FLEEEEING.
  1837 | D:3      | 1837 ||| FLEEEEING.
  1838 | D:3      | 1838 ||| FLEEEEING.
  1840 | D:3      | 1840 ||| FLEEEEING.
  1841 | D:3      | 1841 ||| FLEEEEING.
  1842 | D:3      | 1842 ||| FLEEEEING.
  1843 | D:3      | 1843 ||| FLEEEEING.
  1844 | D:3      | 1844 ||| FLEEEEING.
  1845 | D:3      | 1845 ||| FLEEEEING.
  1848 | D:3      | 1848 ||| FLEEEEING.
  1856 | D:3      | HP: 8/32 [Terence/+0 mace (6)]
  1860 | D:3      | Slain by Terence

Levels and vault maps discovered:
D:1:      dpeg_arrival_tiny_c, layout_basic,
          hellmonk_ecumenical_altar_leap_of_faith
D:2:      layout_basic, kennysheep_generic_room_10
D:3:      layout_loops_ring, mainiacjoe_overflow_chevrons, minivault_4,
          uniq_sigmund, uniq_ijyb, uniq_natasha, uniq_terence

Skill      XL: |  1  2  3  4 |
---------------+-------------+-----
Dodging        | 3 4 5 |  5.5
Ranged Weapons | 5 |  5.0
Fighting       | 3 |  3.4
Stealth        | |  1.5

Action                     |  1- 3 |  4- 6 || total
---------------------------+-------+-------++-------
   Fire: Shortbow          |   131 |    28 ||   159
  Evoke: Wand              |       |     6 ||     6
    Use: Scroll            |     5 |       ||     5
 Armour: Robe              |    10 |     7 ||    17
  Dodge: Dodged            |    36 |     7 ||    43

Table legend:
 A = Non-vault XP
 B = Vault XP
 C = Vault XP percentage of total XP
 D = Non-vault monster count
 E = Vault monster count
 F = Vault count percentage of total count
                 A         B        C        D         E       F
            +---------+---------+-------+---------+---------+-------
      Total |     146 |     250 |  63.1 |      47 |       2 |   4.1
            +---------+---------+-------+---------+---------+-------
        D:1 |      13 |       0 |   0.0 |      10 |       0 |   0.0
        D:2 |      64 |       0 |   0.0 |      28 |       0 |   0.0
        D:3 |      69 |     250 |  78.4 |       9 |       2 |  18.2
            +---------+---------+-------+---------+---------+-------
